Map: Beckett Industries LE

Players

renzotan

  • Race: Zerg Zerg
  • League: Platinum
  • Spawn Location: 7:00

Pumba - Winner!

  • Race: Protoss Protoss
  • League: Platinum
  • Spawn Location: 1:00

VOD

Have the link to the VOD?

Description

Time

  • Played on: Feb. 8, 2022, 7:18 p.m.
  • Length: 8:46
Show
View Real Time Build Order
Export as new Build Order

renzotan Zerg 

Build Orders: Hatch First 

Get SALT Encoding   

  12  0:01  Drone  
  13  0:12  Overlord  
  13  0:17  Drone  
  14  0:31  Drone x2  
  16  0:39  Drone  
  17  0:50  Drone  
  18  0:58  Hatchery  
  18  1:00  Drone  
  18  1:07  Drone  
  19  1:18  Spawning Pool  
  18  1:21  Extractor, Drone  
  18  1:32  Drone  
  19  1:46  Drone  
  20  1:49  Overlord  
  20  2:04  Zergling x2  
  20  2:07  Queen  
  23  2:11  Drone  
  23  2:14  Drone  
  23  2:15  Queen  
  27  2:32  Drone  
  27  2:34  Drone  
  29  2:39  Overlord  
  29  2:41  Hatchery  
  28  2:49  Baneling Nest  
  28  2:51  Drone  
  28  2:52  Drone  
  28  2:56  Drone  
  28  2:58  Drone  
  31  3:03  Zergling x2  
  32  3:07  Zergling x2  
  32  3:08  Overlord  
  33  3:24  Zergling x6  
  34  3:29  Zergling x8  
  32  3:49  Drone x5  
  32  3:52  Drone  
  32  3:55  Zergling x2  
  39  4:05  Drone x3  
  42  4:13  Queen  
  42  4:14  Queen  
  46  4:18  Overlord  
  42  4:35  Spore Crawler x2  
  42  4:37  Drone x2  
  42  4:40  Drone  
  43  4:46  Drone x2, Spore Crawler  
  43  4:51  Extractor x2, Drone  
  42  5:06  Drone x3  
  42  5:07  Drone x3  
  46  5:18  Drone x4  
  50  5:28  Drone  
  50  5:29  Drone x3  
  50  5:34  Extractor  
  53  5:47  Roach Warren  
  52  6:07  Spore Crawler  
  51  6:15  Evolution Chamber  
  51  6:16  Lair, Evolution Chamber  
  49  6:21  Drone x6  
  49  6:22  Drone, Overlord  
  49  6:23  Overlord  
  56  6:35  Drone x3  
  56  6:36  Drone  
  56  6:39  Drone  
  61  6:44  Drone x2  
  61  6:45  Drone  
  64  6:47  Drone  
  65  7:01  Drone x4  
  68  7:04  Drone x2  
  68  7:07  Drone  
  72  7:10  Extractor x2  
  72  7:11  Drone x2  
  72  7:12  Drone  
  72  7:15  Overlord  
  73  7:33  Spore Crawler  
  72  7:41  Hydralisk Den  
  71  7:45  Spire  
  70  7:53  Drone  
  70  7:54  Drone x3  
  70  7:55  Drone x2  
  70  7:57  Drone x2  
  78  7:58  Drone  
  78  7:59  Drone x2  
  78  8:00  Drone  
  82  8:06  Queen  
  84  8:22  Hatchery  
  84  8:23  Spore Crawler  
  84  8:26  Spore Crawler  
Show
View Real Time Build Order
Export as new Build Order

Pumba Protoss - Winner!

Build Orders: 1 Gate Expand, Oracle Opening, Zealot Archon 

Get SALT Encoding   

  12  0:00  Probe  
  13  0:12  Probe  
  14  0:20  Pylon  
  14  0:24  Probe  
  15  0:38  Probe (Chrono Boost)  
  15  0:39  Gateway  
  17  0:50  Probe (Chrono Boost)  
  17  0:54  Assimilator  
  17  0:56  Probe (Chrono Boost)  
  18  1:04  Probe  
  19  1:16  Probe  
  20  1:32  Nexus  
  20  1:38  Cybernetics Core  
  20  1:40  Probe  
  21  1:52  Probe  
  21  1:53  Assimilator  
  22  1:57  Pylon  
  22  2:04  Probe  
  23  2:12  Adept (Chrono Boost)  
  25  2:18  Probe  
  26  2:26  Stargate  
  26  2:30  Probe  
  26  2:32  Adept (Chrono Boost)  
  29  2:40  Warp Gate  
  29  2:42  Probe  
  30  2:52  Probe  
  30  2:54  Probe  
  32  3:04  Probe  
  33  3:07  Probe  
  33  3:09  Oracle (Chrono Boost)  
  37  3:13  Gateway  
  37  3:16  Probe  
  37  3:19  Probe  
  39  3:28  Probe (Chrono Boost)  
  40  3:39  Pylon  
  40  3:40  Probe (Chrono Boost), Oracle  
  40  3:41  Probe (Chrono Boost)  
  41  3:42  Pylon  
  41  3:49  Probe (Chrono Boost)  
  41  3:50  Probe  
  41  3:52  Adept (Chrono Boost)  
  45  4:00  Probe  
  45  4:02  Probe  
  47  4:09  Robotics Facility  
  47  4:11  Forge  
  47  4:12  Probe  
  47  4:14  Probe  
  47  4:15  Twilight Council  
  49  4:24  Probe  
  50  4:32  Probe  
  50  4:34  Nexus  
  50  4:35  Adept  
  50  4:36  Adept, Pylon  
  55  4:42  Assimilator  
  55  4:43  Probe  
  55  4:44  Assimilator, Pylon  
  56  4:48  Pylon  
  56  5:07  Probe x2  
  62  5:15  Observer (Chrono Boost)  
  62  5:16  Protoss Ground Weapons Level 1  
  62  5:18  Charge  
  62  5:19  Probe  
  60  5:23  Gateway  
  60  5:25  Gateway  
  60  5:27  Gateway  
  60  5:30  Gateway  
  60  5:32  Gateway  
  60  5:35  Shield Battery  
  60  5:36  Probe x2, Gateway  
  62  5:48  Probe  
  63  5:52  Gateway x2  
  63  5:53  Immortal (Chrono Boost)  
  67  6:02  Pylon  
  67  6:05  Templar Archives  
  67  6:08  Probe (Chrono Boost)  
  70  6:12  Probe x2 (Chrono Boost)  
  70  6:17  Probe (Chrono Boost)  
  71  6:23  Immortal (Chrono Boost), Probe  
  72  6:28  Zealot x3  
  82  6:33  Observer  
  82  6:36  Pylon  
  82  6:40  Pylon  
  82  7:07  Zealot x10  
  102  7:08  Warp Prism (Chrono Boost)  
  101  7:32  High Templar  
  101  7:33  High Templar x5  
  101  7:34  High Templar  
  101  7:35  Probe  
  116  7:37  Pylon  
  116  7:44  Pylon  
  116  7:45  Pylon x2  
  116  7:47  Archon, Pylon  
  116  7:48  Archon x2  
  116  7:49  High Templar, Pylon x2  
  118  7:51  Zealot x2  
  118  7:53  Archon  
  118  7:55  Pylon  
  122  8:13  Zealot x7  
  122  8:14  Zealot x2  
  140  8:32  Zealot  
  142  8:35  Zealot x9  
Tags
 
Add a new tag
Caveats
  • Supply blocks, unpowered buildings, or Contaminate may cause inaccurate times.
  • Supply counts are checked every 10 seconds.